Map: Битва на променаде РВ

Players

Daruma - Winner!

  • Race: Protoss Protoss
  • Spawn Location: 1:00

ИИ 1 (эксперт)

  • Race: Protoss Protoss
  • Spawn Location: 11:00

VOD

Have the link to the VOD?

Description

Time

  • Played on: Nov. 29, 2017, 10:56 a.m.
  • Length: 12:56
Show
View Real Time Build Order
Export as new Build Order

Daruma Protoss - Winner!

Build Orders: 1 Gate Expand 

Get SALT Encoding   

  12  0:01  Probe  
  13  0:13  Probe  
  14  0:21  Pylon  
  14  0:25  Probe  
  15  0:39  Probe  
  15  0:41  Gateway  
  16  0:51  Assimilator, Probe  
  16  0:56  Assimilator  
  17  1:05  Probe  
  18  1:17  Probe  
  19  1:29  Probe  
  20  1:39  Nexus  
  20  1:41  Probe  
  21  1:52  Pylon  
  21  1:53  Probe  
  22  2:05  Probe  
  23  2:17  Probe  
  23  2:19  Cybernetics Core  
  24  2:23  Zealot  
  27  2:30  Probe  
  27  2:40  Gateway  
  27  2:42  Probe  
  28  2:54  Probe x2  
  30  2:59  Warp Gate (Chrono Boost)  
  30  3:06  Probe x2  
  30  3:09  Robotics Facility  
  32  3:24  Probe x2  
  34  3:38  Probe x2  
  36  3:43  Assimilator  
  36  3:48  Assimilator  
  36  3:49  Stalker  
  36  3:50  Probe, Stalker  
  41  3:57  Immortal  
  41  4:00  Pylon  
  45  4:07  Probe  
  46  4:18  Probe  
  46  4:20  Probe  
  48  4:30  Probe  
  49  4:32  Probe  
  49  4:37  Gateway  
  49  4:38  Pylon  
  50  4:42  Probe  
  50  4:44  Probe  
  52  4:54  Probe  
  52  4:56  Probe, Stalker x2  
  58  5:00  Pylon  
  58  5:07  Probe  
  58  5:08  Nexus  
  58  5:09  Pylon  
  59  5:22  Immortal  
  59  5:26  Gateway  
  63  5:29  Forge  
  63  5:30  Stalker  
  63  5:32  Sentry  
  67  5:48  Probe x2  
  69  5:59  Twilight Council, Pylon  
  69  6:01  Probe x2  
  71  6:12  Assimilator  
  71  6:13  Probe x2  
  73  6:20  Probe  
  73  6:22  Stalker x3  
  73  6:24  Protoss Ground Weapons Level 1 (Chrono Boost)  
  73  6:25  Probe x2  
  82  6:26  Blink  
  82  6:28  Immortal  
  82  6:32  Probe, Pylon  
  86  6:39  Sentry  
  89  6:43  Probe  
  89  6:44  Probe  
  91  6:52  Probe  
  92  7:01  Assimilator  
  92  7:03  Probe x2, Stalker  
  92  7:04  Stalker x3  
  102  7:09  Immortal  
  106  7:26  Pylon  
  106  7:28  Stargate  
  106  7:30  Stargate  
  106  7:40  Probe x3  
  109  7:50  Nexus  
  109  7:52  Pylon  
  109  7:55  Assimilator, Probe x3  
  112  7:59  Assimilator  
  112  8:03  Pylon  
  98  8:07  Probe  
  91  8:13  Zealot x2  
  91  8:14  Zealot x2  
  91  8:16  Void Ray  
  91  8:17  Void Ray  
  105  8:22  Observer  
  106  8:35  Pylon  
  106  8:43  Protoss Air Weapons Level 1 (Chrono Boost)  
  106  8:45  Charge  
  110  8:48  Immortal  
  110  8:51  Protoss Ground Weapons Level 2 (Chrono Boost)  
  110  8:57  Zealot x4  
  110  8:59  Void Ray  
  110  9:00  Void Ray  
  126  9:10  Gateway, Probe  
  126  9:11  Probe x3  
  126  9:12  Gateway  
  130  9:25  Probe x3  
  130  9:28  Observer  
  134  9:44  Pylon  
  130  9:47  Pylon  
  130  9:49  Zealot x3  
  130  9:50  Zealot  
  124  9:56  Immortal  
  124  9:57  Void Ray x2  
  132  10:15  Gateway  
  132  10:16  Gateway  
  132  10:18  Gateway, Stalker x2  
  132  10:19  Stalker x4  
  132  10:20  Gateway  
  144  10:43  Immortal  
  144  10:44  Void Ray x2  
  156  11:06  Fleet Beacon  
  156  11:12  Stalker x3  
  156  11:13  Stalker x3  
  168  11:35  Pylon  
  168  11:39  Stargate  
  168  11:42  Stargate  
  168  11:53  Nexus  
  164  11:55  Assimilator  
  164  11:57  Assimilator  
  164  12:00  Pylon  
  164  12:01  Stalker x3  
  158  12:02  Pylon, Stalker x5  
  158  12:03  Stalker x2  
  174  12:14  Templar Archives  
  194  12:49  Zealot  
Show
View Real Time Build Order
Export as new Build Order

ИИ 1 (эксперт) Protoss 

Build Orders: Mass Adepts 

Get SALT Encoding   

  12  0:00  Probe  
  13  0:13  Probe  
  14  0:19  Pylon  
  14  0:25  Probe  
  15  0:37  Probe  
  15  0:39  Gateway  
  16  0:47  Assimilator  
  16  0:49  Probe  
  17  1:00  Pylon  
  17  1:01  Probe  
  18  1:13  Probe  
  19  1:25  Probe  
  19  1:28  Cybernetics Core  
  19  1:29  Zealot  
  22  1:38  Probe  
  23  1:41  Gateway  
  23  1:50  Probe  
  24  1:55  Pylon  
  24  2:01  Zealot  
  24  2:02  Probe  
  27  2:08  Warp Gate  
  27  2:14  Probe  
  28  2:26  Probe  
  28  2:28  Adept x2  
  33  2:36  Gateway  
  33  2:45  Gateway  
  33  2:55  Adept x2  
  37  3:02  Pylon  
  37  3:03  Probe  
  38  3:22  Adept  
  38  3:23  Adept x2  
  44  3:32  Adept  
  46  3:35  Probe, Pylon  
  47  3:53  Adept x2, Stalker  
  53  3:59  Stalker  
  55  4:07  Pylon  
  55  4:09  Assimilator  
  55  4:27  Stalker  
  55  4:28  Zealot  
  55  4:30  Stalker  
  61  4:36  Zealot  
  63  4:39  Pylon  
  63  4:51  Robotics Facility  
  63  4:57  Adept  
  65  5:00  Adept  
  65  5:06  Adept  
  69  5:12  Adept  
  71  5:20  Pylon  
  71  5:27  Pylon  
  71  5:39  Immortal  
  75  5:45  Sentry  
  77  6:06  Twilight Council  
  77  6:10  Pylon  
  77  6:38  Nexus  
  77  6:42  Stalker  
  79  6:47  Stalker  
  81  6:56  Stalker  
  83  7:06  Stalker  
  83  7:07  Pylon  
  85  7:26  Observer  
  86  7:50  Probe x2  
  88  7:58  Assimilator  
  82  7:59  Assimilator  
  82  8:02  Probe  
  82  8:03  Zealot  
  75  8:06  Pylon  
  75  8:11  Pylon  
  69  8:14  Zealot  
  69  8:17  Probe  
  73  8:20  Probe  
  73  8:29  Probe  
  73  8:32  Probe  
  73  8:34  Sentry  
  77  8:35  Forge  
  77  8:36  Zealot  
  77  8:37  Templar Archives  
  79  8:41  Probe  
  79  8:44  Probe  
  81  8:53  Probe  
  82  8:56  Probe  
  83  9:05  Probe  
  83  9:08  Probe  
  85  9:14  Zealot x3, Protoss Ground Weapons Level 1  
  85  9:16  High Templar  
  93  9:18  Probe  
  94  9:29  Nexus  
  94  9:34  High Templar, Probe  
  94  9:36  Probe  
  98  9:41  Zealot  
  96  9:46  Zealot, Probe  
  96  9:51  Stalker  
  65  10:02  Stalker  
  65  10:06  Sentry, Stalker  
  71  10:13  Stalker  
  73  10:17  Archon  
  73  10:25  Sentry  
  75  10:29  High Templar, Zealot  
  79  10:36  Zealot  
  79  10:41  Probe  
  83  10:42  Probe  
  83  10:44  Probe  
  83  10:47  Zealot  
  83  10:49  Stalker  
  88  10:53  Probe  
  88  10:55  Probe  
  88  10:57  Zealot, Probe  
  93  11:01  Zealot  
  95  11:05  Probe  
  95  11:07  Probe, Stalker  
  95  11:09  Probe  
  100  11:12  Zealot  
  100  11:17  Zealot  
  100  11:18  Probe  
  105  11:19  Probe  
  105  11:21  Probe  
  105  11:22  Adept  
  109  11:30  Forge, Adept, Probe  
  109  11:31  Probe  
  109  11:32  Stalker  
  115  11:33  Probe  
  115  11:37  High Templar  
  118  11:42  Immortal, Probe, Stalker  
  118  11:43  Probe  
  118  11:45  Probe  
  127  11:51  Zealot  
  112  11:54  Probe  
  112  11:55  Stalker  
  79  12:05  Stalker  
  64  12:09  High Templar  
  64  12:10  High Templar  
  64  12:11  High Templar  
  64  12:12  Pylon  
  64  12:13  Pylon  
  60  12:16  Archon  
  60  12:19  High Templar  
  55  12:29  Adept  
  39  12:44  Templar Archives  
Tags
 
Add a new tag
Caveats
  • Supply blocks, unpowered buildings, or Contaminate may cause inaccurate times.
  • Supply counts are checked every 10 seconds.